 Dungeon Crawl Stone Soup version 0.28.0-47-ge53b351184 (webtiles) character file.

Game seed: 7143165750824776757

1043 Kangaroobicon the Cudgeller (level 8, 0/49 HPs)
             Began as a Gargoyle Fighter on Apr 29, 2022.
             Slain by an ogre
             ... wielding a +0 giant spiked club
              (14 damage)
             ... on level 5 of the Dungeon.
             The game lasted 00:32:34 (3778 turns).

Kangaroobicon the Cudgeller (Gargoyle Fighter)      Turns: 3778, Time: 00:32:34

Health: 0/49       AC: 20    Str: 20    XL:     8   Next: 25%
Magic:  8/8        EV:  8    Int:  9    God:
Gold:   217        SH:  6    Dex: 17    Spells: 7/7 levels left

rFire   . . .      SeeInvis .   a - +0 flail
rCold   . . .      Faith    .   c - +0 buckler
rNeg    + . .      Spirit   .   i - +4 chain mail
rPois   ∞          Reflect  .   k - +0 helmet
rElec   +          Harm     .   (no cloak)
rCorr   .          Rampage  .   (no gloves)
Will    .....                   (no boots)
Stlth   ..........              (no amulet)
HPRegen 0.16/turn               n - +6 ring of dexterity
MPRegen 0.11/turn               (no ring)

@: no status effects
A: sickness immunity, AC +5, negative energy resistance 1, electricity
resistance, torment resistance 1, petrification resistance
a: no special abilities


You were on level 5 of the Dungeon.
You visited 1 branch of the dungeon, and saw 5 of its levels.

You collected 217 gold pieces.

Inventory:

Hand Weapons
 a - a +0 flail (weapon)
 d - a +1 whip of flaming
 j - a +4 dagger
Missiles
 g - 104 stones (quivered)
 o - 53 arrows
Armour
 c - a +0 buckler (worn)
 i - a +4 chain mail (worn)
 k - a +0 helmet (worn)
 r - a +2 robe of cold resistance
Jewellery
 n - a +6 ring of dexterity (left hand)
Wands
 b - a wand of digging (6)
Scrolls
 f - 3 scrolls of enchant armour
 l - a scroll of vulnerability {unknown}
 p - a scroll of enchant weapon {unknown}
 q - a scroll of summoning {unknown}
 u - a scroll of amnesia {unknown}
Potions
 e - 2 potions of attraction
 h - a potion of flight {unknown}
 m - a potion of curing
 s - a potion of lignification
 t - a potion of mutation {unknown}
 v - a potion of brilliance {unknown}
 w - a potion of heal wounds {unknown}


   Skills:
 + Level 5.2 Fighting
 + Level 6.3 Maces & Flails
 + Level 0.2 Throwing
 + Level 5.2 Armour
 + Level 2.2 Dodging
 + Level 0.2 Stealth
 + Level 5.0 Shields


You had 7 spell levels left.
You didn't know any spells.
Your spell library contained the following spells:

 Spells                   Type           Power      Damage    Failure   Level
 Blink                    Tloc           0%         N/A       100%        2
 Corpse Rot               Necr/Air       0%         N/A       100%        2
 Ensorcelled Hibernation  Hex/Ice        0%         N/A       100%        2
 Passwall                 Tmut/Erth      0%         N/A       100%        2
 Poisonous Vapours        Pois/Air       0%         N/A       100%        2
 Lesser Beckoning         Tloc           0%         N/A       100%        3
 Portal Projectile        Hex/Tloc       0%         N/A       100%        3
 Spider Form              Tmut/Pois      0%         N/A       100%        3
 Swiftness                Air            0%         N/A       100%        3
 Anguish                  Hex/Necr       0%         N/A       100%        4
 Blade Hands              Tmut           0%         N/A       100%        5
 Excruciating Wounds      Necr           0%         N/A       100%        5
 Manifold Assault         Tloc           0%         N/A       100%        5


Dungeon Overview and Level Annotations

Branches:
Dungeon (5/15)
 Temple: D:4-7

Altars:
Trog
Uskayaw

Annotations:
D:5 2 transporters, crawlogic's ghost, novice HOFi


Innate Abilities, Weirdness & Mutations

You are immune to sickness and miasma.
Your stone body is resilient. (AC +5)
You are immune to poison.
You resist negative energy. (rN+)
You are resistant to electric shocks. (rElec)
You are resistant to unholy torment.
You are immune to petrification.


Message History

You closely miss the orc. You hit the orc but do no damage.
The orc hits you with a +0 club.
You barely miss the orc. The orc hits you but does no damage.
You sock the orc!
You kill the orc!
You hit the kobold zombie.
The kobold zombie is severely damaged.
The kobold zombie barely misses you.
You sock the kobold zombie!
You destroy the kobold zombie!
You hit the orc.
The orc is heavily wounded.
The orc hits you but does no damage. x2
You sock the orc!
You kill the orc!
You hit the ogre.
The ogre is lightly wounded.
You block the ogre's attack.
You hit the ogre.
The ogre is moderately wounded.
The ogre hits you but does no damage.
You barely miss the ogre.
The ogre is moderately wounded.
The ogre closely misses you.
You barely miss the ogre.
The ogre is moderately wounded.
The ogre barely misses you.
You barely miss the ogre.
The ogre is moderately wounded.
You hit the ogre.
The ogre is heavily wounded.
The ogre hits you but does no damage.
You thump the ogre!
The ogre is almost dead.
The ogre hits you with a +0 giant spiked club.
* * * LOW HITPOINT WARNING * * *
You hit the ogre.
The ogre is almost dead.
The ogre hits you with a +0 giant spiked club!
You die...

#....#.#..# #...# ####.
.........# ##.######....
#..o. ..######
#[....^.....
...o##...)..##########....
#o.#.####.#......####.#.
#h.....................
#.######.....##.####..#
##.#..#?#.#.####.# #..#
#..Ooo#@#.#.####.# ##...
#...ZO#O#.#......###....
##/.#o...#.#########.###.
#...######.# #.......# #.
#.#........###.#####†###.
#.####..####.....# ##....
#. #....# #.....# #.....
#.##.# #.....# #.....
#.##....# #.....# #.....


You could see an ogre.

Vanquished Creatures
  Pikel (D:4)
  A black bear (D:5)
  A bullfrog zombie (D:5)
  2 hounds (D:5)
  2 orc priests
  A jelly (D:4)
  An iguana (D:5)
  Terence (D:2)
  An orc wizard (D:4)
  A hound skeleton (D:4)
  A hound zombie (D:5)
  A mummy (D:5)
  Robin (D:2)
  4 adders
  An ufetubus (D:4)
  2 adder skeletons (D:4)
  An adder zombie (D:5)
  3 dart slugs
  3 worms
  10 orcs
  6 ball pythons
  11 endoplasms
  2 giant cockroaches (D:1)
  18 goblins
  11 hobgoblins
  12 jackals
  6 quokkas
  3 bats
  2 frilled lizards
  2 hobgoblin zombies (D:5)
  7 kobolds
  2 kobold zombies (D:5)
  5 rats
126 creatures vanquished.

Vanquished Creatures (others)
  A worm (D:4)
1 creature vanquished.

Grand Total: 127 creatures vanquished

Notes
Turn   | Place    | Note
-------+----------+-------------------------------------------
     0 | D:1      | Kangaroobicon the Gargoyle Fighter began the quest for the
                  | Orb.
     0 | D:1      | Reached XP level 1. HP: 14/14 MP: 1/1
   124 | D:1      | Reached XP level 2. HP: 19/19 MP: 2/2
   728 | D:1      | Reached XP level 3. HP: 24/24 MP: 3/3
  1103 | D:2      | Noticed Robin
  1115 | D:2      | Killed Robin
  1116 | D:2      | Reached XP level 4. HP: 13/29 MP: 4/4
  1141 | D:2      | HP: 1/29 [goblin/+0 club[Robin] (2)]
  1546 | D:2      | Reached skill level 1 in Dodging
  1555 | D:2      | Noticed Terence
  1560 | D:2      | Killed Terence
  1561 | D:2      | Reached skill level 3 in Maces & Flails
  1561 | D:2      | Reached XP level 5. HP: 18/33 MP: 5/5
  1747 | D:2      | You fall into a shaft and drop 2 floors!
  2200 | D:3      | Found a faded altar of an unknown god.
  2565 | D:4      | Reached skill level 4 in Maces & Flails
  2565 | D:4      | Reached XP level 6. HP: 31/38 MP: 6/6
  2781 | D:4      | Noticed Pikel
  2814 | D:4      | Killed Pikel
  2815 | D:4      | Reached skill level 5 in Maces & Flails
  2815 | D:4      | Reached XP level 7. HP: 11/44 MP: 7/7
  3056 | D:4      | Found a hide-covered altar of Uskayaw.
  3056 | D:4      | Found a bloodstained altar of Trog.
  3485 | D:5      | Entered Level 5 of the Dungeon
  3539 | D:5      | Reached skill level 5 in Fighting
  3539 | D:5      | Reached skill level 6 in Maces & Flails
  3561 | D:5      | Found a transporter.
  3562 | D:5      | Noticed crawlogic's ghost (novice HOFi)
  3564 | D:5      | Found a transporter.
  3581 | D:5      | Reached skill level 5 in Shields
  3581 | D:5      | Reached XP level 8. HP: 49/49 MP: 8/8
  3665 | D:5      | Reached skill level 5 in Armour
  3778 | D:5      | Slain by an ogre

Illustrated notes

Levels and vault maps discovered:
D:1:      mrwooster_arrival_statue, layout_loops_ring
D:2:      layout_loops_ring, corexii_item_surrounded_by_moat, uniq_terence,
          uniq_robin
D:3:      layout_rooms, hellmonk_ecumenical_altar_arch_garden, minivault_26
D:4:      layout_rooms, mainiacjoe_overflow_divided_tiny, glass_columns_b,
          uniq_pikel
D:5:      layout_loops_cross, minmay_temple_entry_stoned_glass,
          gammafunk_ghost_hive, minmay_mini_ossuary

Skill      XL: |  1  2  3  4  5  6  7  8 |
---------------+-------------------------+-----
Armour         | 4 5 |  5.2
Dodging        | 1 2 |  2.2
Fighting       | 4 5 |  5.2
Maces & Flails | 3 4 5 6 |  6.3
Shields        | 4 5 |  5.0
Throwing       | |  0.2
Stealth        | |  0.2

Action                   |  1- 3 |  4- 6 |  7- 9 || total
-------------------------+-------+-------+-------++-------
Melee: Flail             |   137 |   219 |   139 ||   495
Throw: Stone             |       |     5 |     5 ||    10
       Boomerang         |       |       |     4 ||     4
  Use: Scroll            |     1 |     2 |     1 ||     4
       Potion            |     1 |     3 |     1 ||     5
Armor: Scale mail        |    50 |       |       ||    50
       Chain mail        |    40 |   200 |   107 ||   347
       Skin              |       |    22 |       ||    22
Dodge: Dodged            |    65 |   105 |    66 ||   236
Block: Buckler           |    39 |    80 |    43 ||   162
